 Dungeon Sprint DCSS version 0.21-a0-274-gc1afaeb (webtiles) character file.

6 potatolord6000 the Skirmisher (level 1, -10/20 HPs)
             Began as a Hill Orc Monk on Sept 19, 2017.
             Was a Believer of Beogh.
             Mangled by an orc
             ... wielding a +0 trident
              (11 damage)
             ... in the Dungeon (Sprint VII: "The Pits").
             The game lasted 00:00:35 (90 turns).

potatolord6000 the Skirmisher (Hill Orc Monk)         Turns: 90, Time: 00:00:35

Health: -10/20     AC:  2    Str: 13    XL:     1   Next: 90%
Magic:  1/2        EV: 13    Int: 10    God:    Beogh [**....]
Gold:   0          SH:  0    Dex: 13    Spells: 0/0 levels left

rFire    . . .     SeeInvis .   j - +2 mace
rCold    . . .     Gourm    .   (no shield)
rNeg     . . .     Faith    .   b - +0 robe
rPois    .         Spirit   .   (no helmet)
rElec    .         Reflect  .   (no cloak)
rCorr    .         Harm     .   (no gloves)
MR       .....     NoTele   +   (no boots)
Stlth    ++........             (no amulet)
HPRegen  0.06/turn              (no ring)
MPRegen  0.08/turn              (no ring)

@: hasted, very quick
A: no striking features
a: Smiting, Renounce Religion


You were in the Dungeon.
You worshipped Beogh.
Beogh was pleased with you.
You were not hungry.

You visited 1 branch

Inventory:

Hand Weapons
 j - a +2 mace (weapon)
Armour
 b - a +0 robe (worn)
Scrolls
 i - a scroll of blinking
 k - 3 scrolls of remove curse
 l - 5 scrolls of amnesia
 m - a scroll of summoning
Potions
 a - 2 potions of invisibility
 e - a potion of heal wounds
 g - 4 potions of magic
 h - 3 potions of berserk rage
Comestibles
 c - 8 bread rations
 n - 40 fruits
 o - 7 meat rations


   Skills:
 + Level 4.2 Fighting
 + Level 3.9 Maces & Flails
 + Level 1.8 Armour
 - Level 2.4 Dodging
 - Level 1.5 Stealth
 + Level 1.5 Invocations


You couldn't memorise any spells.
You didn't know any spells.

Dungeon Overview and Level Annotations

Branches:
Dungeon (1/1)

Altars:
Ashenzari
Cheibriados
Dithmenos
Elyvilon
Fedhas
Gozag
Hepliaklqana
Kikubaaqudgha
Makhleb
Nemelex Xobeh
Okawaru
Qazlal
Ru
Sif Muna
Trog
Uskayaw
Vehumet
Wu Jian
Xom
Yredelemnul
Zin
The Shining One
Beogh
Jiyva
Lugonu


Message History

The ooze is almost dead.
The ooze barely misses you.
Unknown command.
You hit the ooze.
The ooze is almost dead.
The orc hits you with a trident.
* * * LOW HITPOINT WARNING * * *
The ooze barely misses you.
Unknown command.
You hit the ooze.
You kill the ooze!
Beogh accepts your kill.
Your Fighting skill increases to level 4!
Your Invocations skill increases to level 1!
The orc closely misses you.
Unknown command.
Unknown command.
You hit the orc but do no damage. The orc hits you with a trident!
Ouch! That really hurt!
You die...

#_________.#
#_________.#
#_______...###########++
##########'##...........
#.?(.')))'.##......#..#.
##########.##...........
#...........'...........
#+#####'#####......#..#.
#.@# #........... +.o#
####'#####++ ####
#.......# #.......#
#.......# #...<...#
#.......# #.......#
#.......#


You could see an orc.

Vanquished Creatures
  An ooze (D)
  A bat (D)
2 creatures vanquished.

Notes
Turn   | Place    | Note
-------+----------+-------------------------------------------
     0 | D        | potatolord6000 the Hill Orc Monk began the quest for the Orb.
     0 | D        | Reached XP level 1. HP: 19/19 MP: 1/1
    15 | D        | Reached skill level 1 in Armour
    46 | D        | Found a bloodstained altar of Trog.
    46 | D        | Found a deep blue altar of Sif Muna.
    46 | D        | Found a viscous altar of Jiyva.
    46 | D        | Found a hazy altar of Hepliaklqana.
    46 | D        | Found an opulent altar of Gozag.
    47 | D        | Found a glowing golden altar of the Shining One.
    47 | D        | Found a glowing silver altar of Zin.
    47 | D        | Found a basalt altar of Yredelemnul.
    47 | D        | Found a shimmering altar of Xom.
    47 | D        | Found an ornate altar of the Wu Jian Council.
    47 | D        | Found a sacrificial altar of Ru.
    47 | D        | Found a stormy altar of Qazlal.
    47 | D        | Found an iron altar of Okawaru.
    47 | D        | Found a sparkling altar of Nemelex Xobeh.
    47 | D        | Found a burning altar of Makhleb.
    47 | D        | Found a blossoming altar of Fedhas.
    47 | D        | Found a white marble altar of Elyvilon.
    47 | D        | Found a shadowy altar of Dithmenos.
    47 | D        | Found a snail-covered altar of Cheibriados.
    49 | D        | Found a radiant altar of Vehumet.
    49 | D        | Found a corrupted altar of Lugonu.
    49 | D        | Found a roughly hewn altar of Beogh.
    51 | D        | Found an ancient bone altar of Kikubaaqudgha.
    51 | D        | Found a hide-covered altar of Uskayaw.
    51 | D        | Found a shattered altar of Ashenzari.
    59 | D        | Became a worshipper of Beogh the Brigand
    59 | D        | Reached * piety under Beogh
    59 | D        | Reached ** piety under Beogh
    88 | D        | HP: 1/20 [orc/trident (1)]
    89 | D        | Reached skill level 4 in Fighting
    89 | D        | Reached skill level 1 in Invocations
    90 | D        | Mangled by an orc

Vault maps used:
D:        pitsprint

Skill      XL: |  1 |
---------------+----+-----
Armour         | 1 |  1.8
Fighting       | 4 |  4.2
Invocations    | 1 |  1.5
Maces & Flails | |  3.9
Dodging        | |  2.4
Stealth        | |  1.5

Action                   || total
-------------------------++-------
Melee: Mace              ||    10
  Use: Potion            ||     2
Dodge: Dodged            ||    12

Table legend:
 A = Spawn XP
 B = Non-spawn XP
 C = Spawn XP percentage of total XP
 D = Spawn monster count
 E = Non-spawn monster count
 F = Spawn count percentage of total count
 G = Total turns spent on level
                    A         B        C        D         E        F      G
               +---------+---------+-------+---------+---------+-------+---------
         Total |       0 |       9 |   0.0 |       0 |       2 |   0.0 |    90
               +---------+---------+-------+---------+---------+-------+---------
             D |       0 |       9 |   0.0 |       0 |       2 |   0.0 |    90
               +---------+---------+-------+---------+---------+-------+---------
